[ PARTIDA AOE2 · #508039284 ]
UnrankedIndostaníes vs Japanese
Equipo del jugador · VICT
Equipo rival · DERR
[ ANÁLISIS DE REPETICIÓN · EXTRAÍDO DE LA PARTIDA GRABADA ]
Feudal
11:36
Castillos
21:51
Imperial
—
| APM promedio | 65.3 |
| APM pico | 100 |
| eAPM promedio | 25.9 |
| Aldeanos / militares | 84 / 32 |
Foco
⚔️ 39.0% · 🌾 61.0%
Camel Scout ×15 · Skirmisher ×10 · Militia ×3 · Ghulam ×2 · Scorpion ×1 · Spearman ×1
Feudal
9:27
Castillos
22:24
Imperial
—
| APM promedio | 52.9 |
| APM pico | 89 |
| eAPM promedio | 26.6 |
| Aldeanos / militares | 79 / 41 |
Foco
⚔️ 32.2% · 🌾 67.8%
Archer ×21 · Scout Cavalry ×11 · Spearman ×7 · Mangonel ×2
Mapa de la partida
Recursos iniciales + cada clic de construcción. Líneas = muros · curvas = relieve. ◆ oro · ⬟ piedra · ● bayas · ✦ reliquia · ◌ hueco del cierre
Tu base· ✓ Cerrada en 21:51 · 30t muro · 2 puerta(s)
Base de EL CHICHO· Abierta — hueco de 3t
Terreno inicial suavizado · ◌ = hueco del cierre detectado · pasá el cursor para detalles
Inputs por minuto
— stag11 - - EL CHICHO
Build order — stag11
Primeras 150 de 204 acciones detectadas
| 0:00 | Encolar | Villager (Male) |
| 0:02 | Construir | House |
| 0:03 | Construir | House |
| 0:08 | Encolar | Villager (Male) |
| 0:11 | Encolar | Villager (Male) |
| 0:17 | Encolar | Villager (Male) |
| 1:02 | Encolar | Villager (Male) |
| 1:25 | Construir | Lumber Camp |
| 1:29 | Encolar | Villager (Male) |
| 2:04 | Encolar | Villager (Male) |
| 2:29 | Encolar | Villager (Male) |
| 2:58 | Encolar | Villager (Male) |
| 3:20 | Encolar | Villager (Male) |
| 3:49 | Construir | House |
| 3:59 | Encolar | Villager (Male) |
| 4:11 | Construir | Barracks |
| 4:37 | Encolar | Villager (Male) |
| 4:43 | Encolar | Villager (Male) |
| 4:49 | Construir | House |
| 5:17 | Encolar | Militia |
| 5:17 | Encolar | Militia |
| 5:29 | Construir | Palisade Gate |
| 5:31 | Construir | House |
| 5:33 | Construir | Palisade Wall |
| 5:37 | Encolar | Villager (Male) |
| 6:00 | Encolar | Villager (Male) |
| 6:01 | Encolar | Militia |
| 6:18 | Construir | Mill |
| 6:20 | Encolar | Villager (Male) |
| 7:02 | Encolar | Villager (Male) |
| 7:07 | Construir | Palisade Wall |
| 7:09 | Construir | Palisade Wall |
| 7:10 | Construir | Palisade Wall |
| 7:15 | Investigar | Loom |
| 7:59 | Encolar | Villager (Male) |
| 8:03 | Construir | Mill |
| 8:14 | Construir | House |
| 8:15 | Construir | Palisade Wall |
| 8:31 | Encolar | Villager (Male) |
| 8:59 | Encolar | Villager (Male) |
| 9:26 | Investigar | Feudal Age |
| 9:48 | Construir | Palisade Wall |
| 9:49 | Encolar | Villager (Male) |
| 11:07 | Construir | Palisade Wall |
| 11:36 | Edad | Edad Feudal |
| 11:37 | Construir | Archery Range |
| 11:38 | Encolar | Villager (Male) |
| 11:40 | Construir | Blacksmith |
| 11:41 | Investigar | Double-Bit Axe |
| 11:51 | Investigar | Horse Collar |
| 12:12 | Encolar | Villager (Male) |
| 12:22 | Construir | House |
| 12:37 | Encolar | Skirmisher |
| 12:47 | Encolar | Villager (Male) |
| 12:49 | Construir | Farm |
| 12:49 | Encolar | Villager (Male) |
| 12:51 | Construir | Farm |
| 13:03 | Construir | House |
| 13:03 | Encolar | Villager (Male) |
| 13:12 | Encolar | Skirmisher |
| 13:21 | Encolar | Villager (Male) |
| 13:32 | Construir | Farm |
| 13:32 | Encolar | Villager (Male) |
| 13:34 | Construir | Farm |
| 13:50 | Encolar | Villager (Male) |
| 13:51 | Construir | Farm |
| 13:54 | Construir | Farm |
| 13:58 | Encolar | Skirmisher |
| 14:01 | Construir | Farm |
| 14:01 | Encolar | Villager (Male) |
| 14:05 | Construir | Farm |
| 14:07 | Encolar | Skirmisher |
| 14:20 | Encolar | Skirmisher |
| 14:29 | Investigar | Padded Archer Armor |
| 14:29 | Investigar | Padded Archer Armor |
| 14:37 | Construir | Mining Camp |
| 14:37 | Encolar | Villager (Male) |
| 14:43 | Construir | Farm |
| 14:58 | Encolar | Villager (Male) |
| 15:00 | Encolar | Skirmisher |
| 15:02 | Encolar | Spearman |
| 15:35 | Encolar | Skirmisher |
| 15:38 | Encolar | Villager (Male) |
| 15:40 | Construir | Farm |
| 15:40 | Construir | Farm |
| 15:48 | Encolar | Villager (Male) |
| 16:00 | Encolar | Skirmisher |
| 16:06 | Encolar | Villager (Male) |
| 16:09 | Encolar | Villager (Male) |
| 16:13 | Construir | Farm |
| 16:14 | Encolar | Villager (Male) |
| 16:16 | Construir | Farm |
| 16:41 | Investigar | Fletching |
| 16:42 | Encolar | Skirmisher |
| 16:47 | Construir | House |
| 16:50 | Construir | House |
| 16:55 | Investigar | Wheelbarrow |
| 17:08 | Encolar | Villager (Male) |
| 17:13 | Encolar | Skirmisher |
| 17:27 | Construir | Farm |
| 17:27 | Construir | Farm |
| 17:27 | Construir | Farm |
| 17:28 | Construir | Farm |
| 17:28 | Construir | Farm |
| 17:35 | Construir | House |
| 18:10 | Construir | Market |
| 19:11 | Investigar | Castle Age |
| 19:26 | Construir | Stable |
| 19:43 | Investigar | Scale Barding Armor |
| 19:43 | Investigar | Scale Barding Armor |
| 19:48 | Construir | Stable |
| 19:48 | Encolar | Villager (Male) |
| 19:58 | Construir | House |
| 20:23 | Construir | Stable |
| 20:32 | Investigar | Bloodlines |
| 20:43 | Construir | Palisade Gate |
| 21:35 | Construir | Farm |
| 21:35 | Encolar | Villager (Male) |
| 21:41 | Construir | Farm |
| 21:42 | Encolar | Villager (Male) |
| 21:51 | Edad | Edad de los Castillos |
| 21:55 | Encolar | Camel Scout |
| 21:55 | Encolar | Camel Scout |
| 21:55 | Encolar | Camel Scout |
| 22:05 | Construir | Mining Camp |
| 22:16 | Investigar | Chain Barding Armor |
| 22:16 | Encolar | Villager (Male) |
| 22:22 | Encolar | Camel Scout |
| 22:22 | Encolar | Camel Scout |
| 22:26 | Construir | Farm |
| 22:52 | Encolar | Villager (Male) |
| 22:55 | Encolar | Villager (Male) |
| 22:56 | Encolar | Camel Scout |
| 22:57 | Encolar | Villager (Male) |
| 23:02 | Encolar | Villager (Male) |
| 23:04 | Construir | Siege Workshop |
| 23:04 | Encolar | Villager (Male) |
| 23:19 | Encolar | Villager (Male) |
| 23:28 | Encolar | Villager (Male) |
| 23:30 | Encolar | Villager (Male) |
| 23:33 | Encolar | Villager (Male) |
| 23:40 | Encolar | Scorpion |
| 23:43 | Encolar | Villager (Male) |
| 23:44 | Encolar | Villager (Male) |
| 23:47 | Encolar | Villager (Male) |
| 24:03 | Encolar | Camel Scout |
| 24:03 | Encolar | Camel Scout |
| 24:03 | Encolar | Camel Scout |
| 24:04 | Encolar | Villager (Male) |
| 24:07 | Encolar | Villager (Male) |
Build order — EL CHICHO
Primeras 150 de 204 acciones detectadas
| 0:00 | Encolar | Villager (Male) |
| 0:01 | Encolar | Villager (Male) |
| 0:01 | Encolar | Villager (Male) |
| 0:02 | Construir | House |
| 0:03 | Construir | House |
| 0:29 | Encolar | Villager (Male) |
| 0:59 | Construir | Mill |
| 1:42 | Encolar | Villager (Male) |
| 2:06 | Encolar | Villager (Male) |
| 2:06 | Encolar | Villager (Male) |
| 2:32 | Encolar | Villager (Male) |
| 2:32 | Encolar | Villager (Male) |
| 2:46 | Encolar | Villager (Male) |
| 2:49 | Construir | Lumber Camp |
| 2:55 | Construir | Lumber Camp |
| 3:19 | Encolar | Villager (Male) |
| 3:47 | Encolar | Villager (Male) |
| 3:49 | Encolar | Villager (Male) |
| 3:56 | Construir | House |
| 4:12 | Encolar | Villager (Male) |
| 4:58 | Encolar | Villager (Male) |
| 5:22 | Encolar | Villager (Male) |
| 5:46 | Encolar | Villager (Male) |
| 6:20 | Encolar | Villager (Male) |
| 6:21 | Investigar | Loom |
| 6:24 | Construir | Mining Camp |
| 6:28 | Construir | Mining Camp |
| 6:54 | Construir | Mill |
| 7:03 | Construir | Barracks |
| 7:17 | Investigar | Feudal Age |
| 7:17 | Investigar | Feudal Age |
| 7:52 | Encolar | Villager (Male) |
| 7:54 | Encolar | Villager (Male) |
| 8:10 | Encolar | Villager (Male) |
| 8:49 | Encolar | Villager (Male) |
| 8:53 | Construir | Farm |
| 9:08 | Construir | Palisade Wall |
| 9:27 | Edad | Edad Feudal |
| 9:34 | Construir | Archery Range |
| 9:36 | Construir | Blacksmith |
| 9:37 | Encolar | Villager (Male) |
| 9:48 | Construir | Palisade Wall |
| 9:51 | Construir | Palisade Wall |
| 9:54 | Construir | House |
| 9:58 | Investigar | Wheelbarrow |
| 10:29 | Encolar | Archer |
| 10:29 | Encolar | Archer |
| 10:36 | Encolar | Villager (Male) |
| 10:49 | Investigar | Double-Bit Axe |
| 11:11 | Encolar | Archer |
| 11:15 | Construir | House |
| 11:28 | Encolar | Archer |
| 11:36 | Construir | House |
| 11:43 | Encolar | Villager (Male) |
| 11:44 | Encolar | Villager (Male) |
| 12:04 | Encolar | Archer |
| 12:10 | Encolar | Villager (Male) |
| 12:21 | Construir | Market |
| 12:48 | Encolar | Archer |
| 12:49 | Encolar | Villager (Male) |
| 13:27 | Construir | Stable |
| 13:28 | Encolar | Villager (Male) |
| 13:41 | Construir | Farm |
| 13:43 | Construir | House |
| 13:46 | Construir | Palisade Wall |
| 13:51 | Construir | Palisade Wall |
| 13:52 | Construir | House |
| 13:57 | Construir | Palisade Wall |
| 14:03 | Encolar | Villager (Male) |
| 14:19 | Construir | Farm |
| 14:20 | Encolar | Villager (Male) |
| 14:20 | Encolar | Villager (Male) |
| 14:28 | Construir | Farm |
| 14:30 | Construir | Farm |
| 14:31 | Construir | Farm |
| 14:35 | Construir | Farm |
| 14:39 | Encolar | Archer |
| 14:53 | Encolar | Villager (Male) |
| 14:53 | Encolar | Villager (Male) |
| 14:56 | Construir | Farm |
| 15:02 | Construir | House |
| 15:20 | Construir | House |
| 15:22 | Construir | Palisade Wall |
| 15:24 | Encolar | Villager (Male) |
| 15:25 | Encolar | Villager (Male) |
| 15:36 | Construir | Farm |
| 15:50 | Construir | Farm |
| 15:52 | Construir | Farm |
| 15:54 | Encolar | Villager (Male) |
| 15:55 | Encolar | Villager (Male) |
| 16:03 | Investigar | Fletching |
| 16:08 | Encolar | Archer |
| 16:24 | Encolar | Villager (Male) |
| 16:24 | Encolar | Villager (Male) |
| 16:26 | Construir | House |
| 16:39 | Encolar | Villager (Male) |
| 16:45 | Encolar | Scout Cavalry |
| 16:47 | Encolar | Archer |
| 17:07 | Encolar | Scout Cavalry |
| 17:12 | Construir | House |
| 17:13 | Construir | Palisade Wall |
| 17:14 | Encolar | Villager (Male) |
| 17:20 | Encolar | Archer |
| 17:23 | Encolar | Villager (Male) |
| 17:27 | Construir | Farm |
| 17:28 | Construir | Farm |
| 17:29 | Encolar | Villager (Male) |
| 17:34 | Construir | Farm |
| 17:44 | Encolar | Scout Cavalry |
| 17:49 | Encolar | Archer |
| 18:03 | Encolar | Villager (Male) |
| 18:09 | Encolar | Villager (Male) |
| 18:10 | Encolar | Villager (Male) |
| 18:48 | Encolar | Villager (Male) |
| 19:00 | Encolar | Villager (Male) |
| 19:01 | Encolar | Villager (Male) |
| 19:08 | Encolar | Scout Cavalry |
| 19:08 | Encolar | Scout Cavalry |
| 19:28 | Encolar | Villager (Male) |
| 19:42 | Investigar | Castle Age |
| 20:06 | Encolar | Archer |
| 20:07 | Encolar | Archer |
| 20:08 | Encolar | Scout Cavalry |
| 20:08 | Encolar | Scout Cavalry |
| 20:17 | Construir | Lumber Camp |
| 20:24 | Investigar | Horse Collar |
| 20:27 | Encolar | Scout Cavalry |
| 20:40 | Encolar | Scout Cavalry |
| 20:41 | Encolar | Archer |
| 20:59 | Encolar | Scout Cavalry |
| 21:00 | Encolar | Archer |
| 21:17 | Encolar | Archer |
| 21:17 | Encolar | Archer |
| 21:19 | Encolar | Villager (Male) |
| 21:40 | Encolar | Villager (Male) |
| 21:41 | Encolar | Villager (Male) |
| 21:42 | Encolar | Archer |
| 21:51 | Encolar | Villager (Male) |
| 21:57 | Encolar | Scout Cavalry |
| 22:01 | Investigar | Gold Mining |
| 22:15 | Encolar | Archer |
| 22:21 | Investigar | Scale Barding Armor |
| 22:21 | Investigar | Forging |
| 22:24 | Edad | Edad de los Castillos |
| 22:35 | Investigar | Light Cavalry (upgrade) |
| 23:06 | Encolar | Villager (Male) |
| 23:10 | Investigar | Crossbowman (upgrade) |
| 23:12 | Encolar | Villager (Male) |
| 23:39 | Encolar | Villager (Male) |
| 23:40 | Encolar | Villager (Male) |
Cronología de la partida
| 4:11 | stag11 · first_building Barracks |
| 5:33 | stag11 · wall_segment Palisade Wall x3 |
| 7:03 | EL CHICHO · first_building Barracks |
| 7:07 | stag11 · wall_segment Palisade Wall x2 |
| 7:09 | stag11 · wall_segment Palisade Wall x9 |
| 7:10 | stag11 · wall_segment Palisade Wall x2 |
| 8:15 | stag11 · wall_segment Palisade Wall x3 |
| 9:08 | EL CHICHO · wall_segment Palisade Wall x1 |
| 9:27 | EL CHICHO · age_up feudal |
| 9:34 | EL CHICHO · first_building Archery Range |
| 9:48 | stag11 · wall_segment Palisade Wall x9 |
| 9:48 | EL CHICHO · wall_segment Palisade Wall x1 |
| 9:51 | EL CHICHO · wall_segment Palisade Wall x1 |
| 11:07 | stag11 · wall_segment Palisade Wall x3 |
| 11:36 | stag11 · age_up feudal |
| 11:37 | stag11 · first_building Archery Range |
| 13:27 | EL CHICHO · first_building Stable |
| 13:46 | EL CHICHO · wall_segment Palisade Wall x6 |
| 13:51 | EL CHICHO · wall_segment Palisade Wall x5 |
| 13:57 | EL CHICHO · wall_segment Palisade Wall x14 |
| 15:22 | EL CHICHO · wall_segment Palisade Wall x9 |
| 17:13 | EL CHICHO · wall_segment Palisade Wall x1 |
| 19:01 | stag11 · first_market_buy 100 food |
| 19:14 | EL CHICHO · first_market_sell 500 wood |
| 19:16 | EL CHICHO · first_market_buy 100 food |
| 19:26 | stag11 · first_building Stable |
| 21:51 | stag11 · age_up castle |
| 22:24 | EL CHICHO · age_up castle |
| 22:36 | stag11 · first_market_sell 100 wood |
| 23:04 | stag11 · first_building Siege Workshop |
| 24:08 | EL CHICHO · first_building Siege Workshop |
| 26:23 | EL CHICHO · wall_segment Palisade Wall x1 |
| 27:14 | EL CHICHO · wall_segment Palisade Wall x1 |
| 27:32 | stag11 · first_building Castle |
| 28:50 | EL CHICHO · resign |
[ ANÁLISIS IA · 1 CRÉDITO ]
¿Qué pasó realmente en esta partida?
Wolo.gg analiza cada decisión: build order, eco, micro, errores típicos por bracket. Análisis personalizado por WhatsApp o Discord en 30 segundos.
Guía civ
Indostaníes
Perfil
Jugador #2094048